Map: Glittering Ashes LE

Players

Pumba - Winner!

  • Race: Protoss Protoss
  • League: Diamond
  • Spawn Location: 1:00

Goldtean

  • Race: Zerg Zerg
  • League: Diamond
  • Spawn Location: 7:00

VOD

Have the link to the VOD?

Description

Time

  • Played on: Feb. 15, 2022, 9:26 p.m.
  • Length: 10:04
Show
View Real Time Build Order
Export as new Build Order

Pumba Protoss - Winner!

Build Orders: 1 Gate Expand, Archon Immortal, Dark Templar Rush 

Get SALT Encoding   

  12  0:00  Probe  
  13  0:12  Probe  
  14  0:20  Pylon  
  14  0:24  Probe  
  15  0:38  Probe (Chrono Boost)  
  15  0:40  Gateway  
  16  0:47  Probe (Chrono Boost), Assimilator  
  17  0:52  Probe (Chrono Boost)  
  18  1:04  Probe  
  19  1:16  Probe  
  20  1:24  Nexus  
  20  1:32  Cybernetics Core  
  20  1:35  Probe  
  21  1:42  Assimilator  
  21  1:47  Probe  
  21  1:51  Pylon  
  22  2:00  Probe  
  23  2:07  Adept (Chrono Boost)  
  23  2:10  Warp Gate  
  23  2:14  Probe  
  26  2:22  Twilight Council  
  26  2:27  Probe (Chrono Boost)  
  26  2:28  Stalker (Chrono Boost)  
  29  2:37  Probe (Chrono Boost)  
  31  2:44  Probe (Chrono Boost)  
  31  2:46  Probe (Chrono Boost)  
  31  2:50  Probe (Chrono Boost)  
  33  2:51  Probe  
  34  2:59  Robotics Facility  
  34  3:02  Gateway  
  34  3:03  Probe  
  33  3:07  Adept (Chrono Boost)  
  35  3:17  Probe  
  35  3:19  Probe  
  37  3:28  Dark Shrine  
  37  3:29  Probe  
  37  3:31  Adept  
  40  3:35  Probe  
  40  3:40  Gateway  
  41  3:41  Probe  
  42  3:48  Gateway  
  42  3:53  Shield Battery  
  42  3:55  Gateway  
  42  4:01  Gateway  
  42  4:04  Zealot  
  44  4:14  Pylon  
  44  4:23  Pylon  
  42  4:26  Cybernetics Core  
  42  4:27  Probe x2  
  42  4:29  Assimilator  
  42  4:31  Assimilator  
  44  4:34  Zealot  
  46  4:39  Probe x2  
  48  4:53  Gateway  
  48  4:58  Dark Templar x4  
  55  5:16  Nexus  
  55  5:18  Pylon  
  55  5:21  Robotics Facility  
  55  5:22  Pylon  
  55  5:24  Probe (Chrono Boost)  
  55  5:28  Probe (Chrono Boost)  
  57  5:29  Archon x2  
  57  5:34  Probe (Chrono Boost)  
  59  5:37  Probe (Chrono Boost)  
  60  5:43  Probe (Chrono Boost)  
  60  5:47  Probe (Chrono Boost)  
  61  5:52  Probe (Chrono Boost)  
  62  5:59  Probe (Chrono Boost)  
  62  6:03  Probe (Chrono Boost)  
  64  6:05  Charge  
  64  6:10  Pylon  
  64  6:13  Warp Prism (Chrono Boost), Pylon  
  64  6:15  Robotics Facility  
  64  6:18  Forge  
  66  6:19  Probe  
  66  6:20  Probe  
  66  6:23  Shield Battery  
  68  6:31  Probe (Chrono Boost)  
  71  6:37  Probe (Chrono Boost)  
  71  6:38  Probe (Chrono Boost)  
  72  6:41  Probe (Chrono Boost)  
  72  6:42  Observer  
  72  6:45  Probe x2 (Chrono Boost)  
  72  6:46  Probe (Chrono Boost)  
  72  6:56  Probe x2  
  72  6:58  Probe  
  72  7:00  Assimilator x2  
  75  7:08  Sentry, Immortal x2 (Chrono Boost), Probe x2  
  77  7:09  Sentry  
  77  7:10  Zealot x2  
  77  7:12  Protoss Ground Weapons Level 1  
  93  7:16  Probe  
  93  7:20  Probe  
  95  8:10  Probe x2  
  97  8:13  Immortal x2  
  97  8:19  Pylon  
  105  8:21  Pylon  
  105  8:24  Pylon  
  105  8:26  Gateway x2  
  105  8:27  Probe x2  
  106  8:29  Templar Archives  
  106  8:30  Gateway  
  106  8:32  Gateway  
  107  8:37  Nexus  
  107  8:41  Assimilator  
  107  8:43  Assimilator  
  107  8:46  Pylon  
  107  8:47  Photon Cannon  
  107  8:48  Photon Cannon  
  107  8:49  Pylon  
  107  8:50  Photon Cannon  
  107  8:55  Immortal x2  
  115  9:27  High Templar  
  115  9:28  High Templar x4  
  115  9:29  High Templar  
  127  9:34  Observer  
  127  9:38  Probe x2  
  130  9:42  Photon Cannon  
  130  9:43  Photon Cannon  
  130  9:45  Shield Battery  
  130  9:49  Zealot x3  
Show
View Real Time Build Order
Export as new Build Order

Goldtean Zerg 

Build Orders: Hatch First 

Get SALT Encoding   

  12  0:02  Drone  
  13  0:12  Overlord  
  13  0:17  Drone  
  14  0:30  Drone x2  
  16  0:50  Hatchery  
  16  0:51  Drone  
  16  0:54  Drone  
  17  0:57  Drone  
  18  1:08  Extractor  
  17  1:14  Spawning Pool  
  17  1:16  Drone  
  17  1:19  Drone  
  18  1:28  Drone  
  19  1:40  Overlord  
  19  1:50  Drone  
  20  2:01  Queen x2  
  20  2:04  Zergling x4  
  26  2:11  Overlord  
  26  2:16  Zergling x2  
  26  2:20  Metabolic Boost  
  26  2:22  Zergling x2  
  28  2:36  Baneling Nest  
  28  2:37  Drone x2  
  28  2:43  Zergling x2  
  28  3:02  Zergling x2  
  28  3:03  Zergling x6  
  32  3:13  Zergling x16  
  40  3:23  Baneling x4  
  40  3:32  Baneling x2  
  40  3:33  Overlord  
  40  3:34  Overlord x2  
  38  3:53  Zergling x2  
  38  3:54  Zergling x12  
  39  4:16  Zergling x10  
  37  4:35  Drone x3  
  40  4:44  Drone x2  
  42  4:50  Hatchery  
  38  5:15  Spore Crawler, Spine Crawler  
  38  5:19  Spore Crawler  
  38  5:20  Lair  
  35  5:21  Drone  
  35  5:22  Drone x5  
  35  5:23  Spine Crawler  
  40  5:42  Spore Crawler  
  39  5:44  Drone  
  39  5:45  Drone x6  
  46  6:05  Drone, Extractor  
  46  6:06  Drone x2  
  46  6:11  Extractor  
  47  6:12  Extractor  
  47  6:15  Drone  
  47  6:16  Drone x5  
  52  6:22  Queen  
  52  6:24  Overseer  
  54  6:33  Roach Warren  
  50  6:49  Evolution Chamber  
  46  6:55  Drone  
  46  6:56  Drone x14  
  61  7:12  Evolution Chamber  
  61  7:13  Glial Reconstitution  
  60  7:23  Roach x2  
  60  7:24  Overlord x3  
  57  7:57  Roach x11  
  57  7:58  Roach x4  
  84  8:09  Zerg Missile Weapons Level 1  
  84  8:10  Zerg Ground Armor Level 1  
  85  8:20  Ravager x2  
  85  8:22  Queen x2  
  90  8:28  Hydralisk Den  
  90  8:31  Overseer  
  89  8:34  Spore Crawler, Queen  
  89  8:39  Overlord x2  
  90  8:45  Overlord  
  90  8:46  Overlord  
  90  8:57  Drone  
  90  8:58  Drone x5  
  96  9:07  Drone x5  
  101  9:30  Drone x5  
  101  9:31  Drone x2  
  108  9:33  Extractor x2  
  106  9:44  Ravager  
  106  9:45  Ravager x6  
Tags
 
Add a new tag
Caveats
  • Supply blocks, unpowered buildings, or Contaminate may cause inaccurate times.
  • Supply counts are checked every 10 seconds.